 Dungeon Crawl Stone Soup version 0.30-a0-726-gd89dcf765f (webtiles) character file.

Game seed: 15507227282194764702

87 Bnni the Shooter (level 4, -2/35 HPs)
             Began as a Formicid Hunter on Jan 29, 2023.
             Was an Initiate of Okawaru.
             Slain by an iguana (5 damage)
             ... on level 3 of the Dungeon.
             The game lasted 00:02:24 (2225 turns).

Bnni the Shooter (Formicid Hunter)                  Turns: 2225, Time: 00:02:25

Health: -2/35      AC:  4    Str: 15    XL:     4   Next: 80%
Magic:  13/13      EV: 12    Int:  9    God:    Okawaru [......]
Gold:   122        SH:  0    Dex: 19    Spells: 3/3 levels left

rFire   . . .      SeeInvis +    a - +0 shortbow
rCold   . . .      Faith    .    (no shield)
rNeg    . . .      Spirit   .    c - +0 leather armour
rPois   .          Reflect  .    (helmet unavailable)
rElec   .          Harm     .    (no cloak)
rCorr   .          Rampage  .    r - +0 pair of gloves
Will    .....                    (no boots)
Stlth   ++                       w - amulet of regeneration
HPRegen 1.05/turn                u - ring of magical power
MPRegen 0.13/turn                (no ring)

@: no status effects
A: permanent stasis, dig shafts and tunnels, antennae 3, four strong arms
a: Dig, Shaft Self, Renounce Religion


You were on level 3 of the Dungeon.
You worshipped Okawaru.
Okawaru was noncommittal.
You visited 1 branch of the dungeon, and saw 4 of its levels.

You collected 122 gold pieces.

Inventory:

Hand Weapons
 a - a +0 shortbow (weapon)
Missiles
 l - 6 poisoned darts
Armour
 c - a +0 leather armour (worn)
 r - a +0 pair of gloves (worn)
Jewellery
 u - a ring of magical power (left hand)
 w - an amulet of regeneration (around neck)
Scrolls
 b - 3 scrolls of immolation
 f - 2 scrolls of magic mapping {unknown}
 j - a scroll of enchant weapon {unknown}
 p - a scroll of poison {unknown}
 q - 3 scrolls of identify {unknown}
 s - a scroll of blinking {unknown}
 v - a scroll of summoning {unknown}
Potions
 d - a potion of ambrosia {unknown}
 e - a potion of berserk rage
 g - a potion of heal wounds {unknown}
 h - a potion of might {unknown}
 i - a potion of brilliance {unknown}
 k - a potion of magic {unknown}
 m - a potion of attraction {unknown}
 n - a potion of degeneration {unknown}
 o - 2 potions of curing
 t - 2 potions of invisibility {unknown}


   Skills:
 + Level 3.2 Fighting
 * Level 5.2 Ranged Weapons
 - Level 1.7 Dodging
 - Level 1.2 Stealth
 + Level 1.0 Invocations


You had 3 spell levels left.
You didn't know any spells.
Your spell library contained the following spells:

 Spells                   Type           Power      Damage    Failure   Level
 Hailstorm                Conj/Ice       0%         3d3       83%         3
 Portal Projectile        Hex/Tloc       0%         N/A       83%         3
 Ice Form                 Ice/Tmut       0%         N/A       99%         4
 Blade Hands              Tmut           0%         N/A       100%        5
 Summon Small Mammal      Summ           Unusable   N/A       N/A         1
 Call Canine Familiar     Summ           Unusable   N/A       N/A         3
 Summon Guardian Golem    Hex/Summ       Unusable   N/A       N/A         3
 Tukima's Dance           Hex            Unusable   N/A       N/A         3
 Simulacrum               Ice/Necr       Unusable   N/A       N/A         6

Dungeon Overview and Level Annotations

Branches:
Dungeon (4/15)
 Temple: D:4-7

Altars:
Okawaru

Annotations:
D:4 frocskos's ghost, amateur DrFE


Innate Abilities, Weirdness & Mutations

You cannot be hasted, slowed, berserked, paralysed or teleported.
You can dig through walls and to a lower floor.
You have a pair of large antennae on your head. (SInv)
Your four strong arms can wield two-handed weapons with a shield.


Message History

a +0 short sword; a kobold corpse; a hound corpse
There is a stone staircase leading down, spattered with blood here.
You start resting.
HP restored.
You climb downwards.
Level annotation: frocskos's ghost, amateur DrFE The orc barely misses you.
The iguana bites you. The orc hits you but does no damage.
The iguana closely misses you.
There is a stone staircase leading up here.
The orc closely misses you. The iguana bites you.
Frocskos's ghost whispers, "There is no future for you."
You climb upwards.
There is a stone staircase leading down, spattered with blood here.
You shoot an arrow. The arrow completely misses the orc.
The iguana barely misses you. The orc hits you but does no damage.
You shoot an arrow. The arrow hits the orc!
You kill the orc!
Okawaru accepts your kill. The iguana bites you. The iguana bites you!
You shoot an arrow. The arrow hits the iguana.
The iguana is heavily wounded.
The iguana bites you!
* * * LOW HITPOINT WARNING * * *
Okay, then.
You shoot an arrow. The arrow completely misses the iguana.
The iguana bites you.
* * * LOW HITPOINT WARNING * * *
You shoot an arrow. The arrow closely misses the iguana.
The iguana bites you.
* * * LOW HITPOINT WARNING * * *
It was a potion of berserk rage.
Your stasis prevents you from going berserk.
The iguana closely misses you.
It was a potion of curing.
You feel better. The iguana bites you.
* * * LOW HITPOINT WARNING * * *
You shoot an arrow. The arrow closely misses the iguana.
The iguana barely misses you.
You shoot an arrow. The arrow closely misses the iguana.
The iguana bites you.
* * * LOW HITPOINT WARNING * * *
The iguana bites you.
You die...

.........#.(....## #.#
#####............#######.#
#####.##.#.##.)..........#
)........#.##............#
..###.##.#.##............###
#.###.##...................#
.........................#.##
.........#.##.#.l...........#
................@...♣♣♣♣♣.#.#
#.#...##.#.##.##)#.♣♣ ♣...#
#.#...........#....♣ ♣♣..#
#.#...##.#.#.##....♣ ♣♣.##
#.#...##...#.##....♣♣♣♣♣♣..#
....<.#....'..'........).###
#...#.#....#.##......###.#
#.#.#.#......##....#.# #.#
#..............<...#.# #.#


You could see an iguana.

Vanquished Creatures
  A hound (D:3)
  2 dart slugs
  3 orcs
  4 ball pythons
  2 endoplasms (D:1)
  3 giant cockroaches
  4 goblins
  4 hobgoblins
  4 jackals (D:1)
  6 kobolds
  A quokka (D:1)
  3 bats (D:1)
  2 frilled lizards
  9 rats
48 creatures vanquished.

Vanquished Creatures (others)
  2 plants (D:1)
2 creatures vanquished.

Grand Total: 50 creatures vanquished

Notes
Turn   | Place    | Note
-------+----------+-------------------------------------------
     0 | D:1      | Bnni the Formicid Hunter began the quest for the Orb.
     0 | D:1      | Reached XP level 1. HP: 16/16 MP: 1/1
    45 | D:1      | Reached XP level 2. HP: 23/23 MP: 2/2
   206 | D:1      | Reached XP level 3. HP: 28/28 MP: 3/3
   783 | D:2      | Found a faded altar of an unknown god.
  1598 | D:3      | Reached XP level 4. HP: 35/35 MP: 4/4
  1608 | D:3      | Found an iron altar of Okawaru.
  1649 | D:3      | Became a worshipper of Warmaster Okawaru
  1881 | D:3      | Reached skill level 5 in Ranged Weapons
  2167 | D:4      | Noticed frocskos's ghost (amateur DrFE)
  2167 | D:4      | Noticed a steam dragon
  2180 | D:4      | Noticed a water moccasin
  2197 | D:3      | Reached skill level 1 in Invocations
  2225 | D:3      | Slain by an iguana

Illustrated notes

Levels and vault maps discovered:
D:1:      lemuel_arrival_broad_hall, layout_rooms, serial_bayou,
          serial_bayou_lake_a, serial_bayou_pond_b, serial_bayou_shore_a,
          serial_bayou_pond_e
D:2:      layout_basic, ebering_ecumenical_altar_hall
D:3:      layout_basic, hellmonk_okawaru_the_only_friend_you_need,
          nrook_campfire
D:4:      layout_basic, amcnicky_altar_gilded, gammafunk_ghost_arena,
          hangedman_abyss_or_decor_stabs, minmay_misc_feat_square, uniq_pikel,
          uniq_eustachio

Skill      XL: |  1  2  3  4 |
---------------+-------------+-----
Fighting       | 3 |  3.2
Ranged Weapons | 5 |  5.2
Invocations    | 1 |  1.0
Dodging        | |  1.7
Stealth        | |  1.2

Action                     |  1- 3 |  4- 6 || total
---------------------------+-------+-------++-------
   Fire: Shortbow          |    94 |    26 ||   120
    Use: Potion            |       |     2 ||     2
 Armour: Leather armour    |    16 |     9 ||    25
  Dodge: Dodged            |    47 |    26 ||    73

Table legend: (Time is in decaauts)
 A = Elapsed time spent in this place.
 B = Non-inter-level travel time spent in this place.
 C = Inter-level travel time spent in this place.
 D = Time resting spent in this place.
 E = Time spent auto-exploring this place.
 F = Levels seen in this place.
 G = Mean time per level.
                   A        B        C        D        E       F      G
               +--------+--------+--------+--------+--------+-----+--------+
         Total |   2323 |   2214 |    109 |     12 |   1867 |   4 |  580.8 |
       Dungeon |   2323 |   2214 |    109 |     12 |   1867 |   4 |  580.8 |
               +--------+--------+--------+--------+--------+-----+--------+

Top non-repeatable levels by time:
     D:3: 931 daAuts
     D:1: 842 daAuts
     D:2: 511 daAuts
     D:4: 37 daAuts
